 Dungeon Crawl Stone Soup version 0.31.0 (webtiles) character file.

Game seed: 15502555823911883192

69 dorian the Covered (level 4, -1/38 HPs)
             Began as an Armataur Fighter on Jan 19, 2024.
             Slain by an orc
             ... wielding a +0 club
              (2 damage)
             ... on level 2 of the Dungeon.
             The game lasted 00:02:06 (1226 turns).

dorian the Covered (Armataur Fighter)               Turns: 1226, Time: 00:02:06

Health: -1/38      AC: 11    Str: 22 (23) XL:     4   Next: 2%
Magic:  0/4        EV:  6    Int:  7 (8)  God:
Gold:   66         SH:  4    Dex:  9 (10) Spells: 3/3 levels left

rFire   . . .        a - +0 flail
rCold   . . .        c - +0 buckler
rNeg    . . .        f - +0 chain mail
rPois   .            (no helmet)
rElec   +            g - +0 cloak
rCorr   +            (no gloves)
SInv    .            (no barding)
Will    .....        i - amulet of guardian spirit Stlth
                     j - ring of resist corrosion
HPRegen 0.26/turn    (no ring)
MPRegen 0.09/turn

%: guardian spirit, roll
@: mighty
A: large, deformed body, tough skin 3, armoured tail, roll 1, iridescent scales
1, electricity resistance, inability to drink after injury 1
a: no special abilities


You were on level 2 of the Dungeon.
You visited 1 branch of the dungeon, and saw 2 of its levels.

You collected 66 gold pieces.

Inventory:

Hand Weapons
 a - a +0 flail (weapon)
Armour
 b - a +0 scale mail
 c - a +0 buckler (worn)
 f - a +0 chain mail (worn)
 g - a +0 cloak (worn)
 n - a +1 ring mail of poison resistance
Jewellery
 i - an amulet of guardian spirit (around neck)
 j - a ring of resist corrosion (left hand)
Scrolls
 e - a scroll of poison
 l - a scroll of noise {unknown}
 m - a scroll of blinking {unknown}


   Skills:
 + Level 3.1 Fighting
 * Level 2.8 Maces & Flails
 + Level 4.1 Armour
 + Level 3.8 Shields


You had 3 spell levels left.
You didn't know any spells.
Your spell library contained the following spells:

 Spells                   Type           Power      Damage    Failure   Level
 Slow                     Hex            0%         N/A       98%         1
 Confusing Touch          Hex            0%         N/A       100%        3
 Sigil of Binding         Hex            0%         N/A       100%        3
 Vampiric Draining        Necr           0%         2d6       100%        3


Dungeon Overview and Level Annotations

Branches:
Dungeon (2/15) Zot: 10732

Altars:


Innate Abilities, Weirdness & Mutations

Armour fits poorly on your strangely shaped body.
You have extremely tough skin. (AC +3)
You have a long armoured tail.
You regenerate magic when rolling toward enemies. (Rampage MPRegen)
You are partially covered in iridescent scales. (AC +2)
You are resistant to electric shocks. (rElec)
You occasionally lose the ability to drink potions when taking damage.


Message History

You occasionally lose the ability to drink potions when taking damage.
Iridescent scales grow over part of your body.
The orc barely misses you. x2
The orc priest hits you but does no damage.
It was a potion of degeneration.
There was something very wrong with that liquid.
You feel weakened.
You feel dopey.
You feel clumsy. The orc hits you with a +0 club.
* * * LOW HITPOINT WARNING * * *
The orc hits you with a +0 short sword.
* * * LOW HITPOINT WARNING * * *
The orc priest closely misses you.
It was a potion of curing.
You feel better. The orc barely misses you.
The orc priest hits you with a +0 club.
* * * LOW HITPOINT WARNING * * *
You block the orc's attack.
You feel very mighty all of a sudden. The orc hits you but does no damage. x2
The orc priest hits you with a +0 club.
* * * LOW HITPOINT WARNING * * *
You sock the orc priest!
The orc priest is almost dead.
The orc barely misses you. The orc hits you but does no damage.
The orc priest hits you but does no damage.
You closely miss the orc priest.
The orc priest is almost dead.
The orc closely misses you. The orc hits you but does no damage.
The orc priest hits you but does no damage.
You closely miss the orc priest.
The orc priest is almost dead.
The orc hits you but does no damage. x2
The orc priest hits you but does no damage.
The orc hits you with a +0 club.
* * * LOW HITPOINT WARNING * * *
You block the orc's attack. The orc priest hits you with a +0 club.
* * * LOW HITPOINT WARNING * * *
You hit the orc priest but do no damage.
The orc priest is almost dead.
The orc hits you with a +0 club.
You die...

## #. #.########
#........##
###..#...#..#
#...........$
########.#...o.....⌠
#......^....@o.....$
#...........#o..#..#
..
#.................#
... #
#..........########
.... #
#........?.......
...#.#.####
#................
..........
#####..##########
#.#.#..... ##.# ...
###.. #.## #.. #..


You could see an orc priest and 2 orcs.

Vanquished Creatures
  A gnoll (D:1)
  An adder (D:2)
  A dart slug (D:1)
  5 ball pythons (D:1)
  5 endoplasms
  3 giant cockroaches
  A goblin (D:1)
  6 hobgoblins
  3 jackals (D:1)
  2 quokkas
  2 bats (D:1)
  2 frilled lizards (D:1)
  5 kobolds
  7 rats
44 creatures vanquished.

Notes
Turn   | Place    | Note
-------+----------+-------------------------------------------
     0 | D:1      | dorian the Armataur Fighter began the quest for the Orb.
     0 | D:1      | Reached XP level 1. HP: 18/18 MP: 1/1
   101 | D:1      | Reached XP level 2. HP: 25/25 MP: 2/2
   281 | D:1      | Reached XP level 3. HP: 30/30 MP: 3/3
   317 | D:1      | Reached skill level 4 in Armour
   986 | D:2      | Identified the +0 robe of the Lily {Rampage}
  1176 | D:2      | Reached XP level 4. HP: 34/38 MP: 4/4
  1219 | D:2      | Gained mutation: You are resistant to electric shocks.
                  | (rElec) [potion of mutation]
  1219 | D:2      | Gained mutation: You occasionally lose the ability to drink
                  | potions when taking damage. [potion of mutation]
  1219 | D:2      | Gained mutation: You are partially covered in iridescent
                  | scales. (AC +2) [potion of mutation]
  1220 | D:2      | HP: 1/38 [orc/+0 short sword (2)]
  1225 | D:2      | HP: 1/38 [orc priest/+0 club (1)]
  1226 | D:2      | Slain by an orc

Illustrated notes

Levels and vault maps discovered:
D:1:      dpeg_arrival_boxorama, layout_basic, st_stairs_14
D:2:      cheibrodos_pilgrimage, layout_rooms, serial_shops, shop,
          kennysheep_pointless_box, minmay_tree_intersection,
          amcnicky_mini_rare_corridor_liquid

Skill      XL: |  1  2  3 |
---------------+----------+-----
Maces & Flails | 2 |  2.8
Armour         | 4 |  4.1
Fighting       | 3 |  3.1
Shields        | |  3.8

Action                     |  1- 3 |  4- 6 || total
---------------------------+-------+-------++-------
  Melee: Flail             |   114 |    23 ||   137
         Tailslap          |     5 |     2 ||     7
    Use: Scroll            |     2 |       ||     2
         Potion            |       |     4 ||     4
 Armour: Chain mail        |   122 |    50 ||   172
  Dodge: Dodged            |    43 |    19 ||    62
  Block: Buckler           |    18 |     9 ||    27
